Map: 바니 연구소 (공허의 유산)

Players

Stephano

  • Race: Zerg Zerg
  • Spawn Location: 12:00

TYTY (TY) - Winner!

  • Race: Terran Terran
  • League: Diamond
  • Spawn Location: 6:00

Event: WESG 2016 Finals

VOD

Have the link to the VOD?

Description

Time

  • Played on: Jan. 14, 2017, 3:28 a.m.
  • Length: 10:41

All games in this series

Show
View Real Time Build Order
Export as new Build Order

Stephano Zerg 

Build Orders: Hatch First 

Get SALT Encoding   

  12  0:00  Drone  
  13  0:13  Overlord  
  13  0:18  Drone  
  14  0:31  Drone x2  
  14  0:35  Drone  
  17  0:53  Hatchery  
  17  0:56  Drone  
  17  0:58  Drone  
  18  1:10  Extractor  
  17  1:15  Spawning Pool  
  17  1:17  Drone  
  17  1:20  Drone  
  18  1:30  Drone  
  19  1:39  Overlord  
  19  2:01  Zergling x2  
  19  2:02  Zergling x2, Queen  
  19  2:04  Queen  
  25  2:12  Metabolic Boost  
  25  2:24  Hatchery  
  25  2:26  Drone  
  25  2:29  Drone  
  26  2:33  Drone  
  26  2:38  Drone  
  26  2:44  Queen  
  27  2:47  Drone  
  27  2:50  Drone  
  31  2:54  Overlord  
  31  3:01  Drone  
  31  3:03  Drone x2  
  35  3:05  Drone  
  35  3:15  Drone x2  
  35  3:16  Drone x2  
  35  3:19  Zergling x4  
  41  3:23  Zergling x4  
  41  3:26  Overlord  
  43  3:36  Queen  
  43  3:38  Drone x2  
  43  3:39  Drone  
  48  3:48  Drone x3  
  50  3:50  Overlord  
  50  3:52  Drone x2  
  50  3:54  Drone x2, Extractor  
  54  4:05  Zergling x8  
  58  4:13  Evolution Chamber x2  
  56  4:21  Spore Crawler  
  55  4:29  Drone x2  
  57  4:34  Spore Crawler  
  57  4:38  Drone x3  
  57  4:41  Drone  
  57  4:42  Drone x2  
  57  4:45  Drone x2  
  63  4:50  Drone x3  
  66  4:55  Extractor  
  66  4:59  Overlord  
  65  5:03  Overlord  
  65  5:11  Roach Warren  
  65  5:12  Drone x2  
  66  5:14  Spore Crawler  
  66  5:17  Zerg Ground Armor Level 1  
  65  5:24  Drone x2  
  65  5:34  Drone x3  
  65  5:35  Zergling x8  
  64  5:36  Zergling x6  
  56  5:45  Zergling x12  
  59  5:56  Drone x3  
  59  6:03  Drone x2  
  54  6:04  Drone  
  54  6:06  Zerg Missile Weapons Level 1  
  54  6:10  Queen x2  
  59  6:13  Drone x2  
  59  6:14  Extractor  
  59  6:17  Drone  
  57  6:28  Roach x3  
  58  6:33  Roach  
  60  6:40  Spore Crawler  
  60  6:45  Queen  
  59  6:47  Queen  
  59  6:50  Roach x3  
  59  6:51  Roach  
  64  6:55  Drone x2  
  64  6:56  Drone x3  
  64  7:06  Drone x4  
  64  7:10  Drone  
  60  7:17  Drone  
  60  7:21  Drone  
  60  7:36  Drone x2  
  60  7:37  Drone x4  
  64  7:42  Lair  
  66  7:45  Drone  
  67  7:54  Drone x4  
  67  7:55  Drone  
  72  8:02  Roach  
  72  8:03  Roach  
  72  8:04  Spore Crawler  
  75  8:08  Ravager x2  
  75  8:09  Ravager x2  
  75  8:10  Roach  
  75  8:11  Ravager  
  75  8:12  Overlord  
  81  8:24  Roach x3  
  79  8:29  Roach x4  
  75  8:35  Roach x3  
  76  8:41  Drone x3  
  76  8:42  Drone  
  76  8:44  Drone x2  
  73  8:50  Overseer  
  73  8:55  Drone x3  
  66  8:56  Drone  
  66  9:00  Queen  
  66  9:01  Ravager  
  66  9:02  Ravager  
  69  9:07  Drone x3  
  69  9:09  Drone  
  73  9:11  Glial Reconstitution  
  73  9:17  Queen  
  73  9:23  Drone x2  
  77  9:24  Drone  
  77  9:25  Drone x2  
  77  9:26  Drone  
  80  9:32  Drone x2  
  80  9:36  Roach x3  
  88  9:43  Extractor  
  87  9:46  Drone x3, Extractor  
  87  9:47  Drone, Extractor  
  87  9:51  Pneumatized Carapace  
  87  9:52  Drone  
  90  9:56  Overlord  
  90  10:01  Overseer  
  90  10:04  Hatchery  
  89  10:08  Ravager  
  89  10:09  Overlord x2  
  90  10:17  Roach x4  
Show
View Real Time Build Order
Export as new Build Order

TYTY Terran - Winner!

Build Orders: Liberator Opening, Reaper Expand 

Get SALT Encoding   

  12  0:00  SCV  
  13  0:12  SCV  
  14  0:17  Supply Depot  
  14  0:24  SCV  
  15  0:29  Refinery  
  15  0:39  SCV  
  16  0:45  Barracks  
  16  0:51  SCV  
  17  1:03  SCV  
  18  1:15  SCV  
  19  1:31  Reaper  
  21  1:33  Orbital Command  
  20  1:45  Command Center  
  20  1:55  Factory  
  20  1:59  SCV  
  21  2:05  Refinery  
  21  2:09  Barracks Reactor  
  21  2:11  SCV  
  22  2:16  Supply Depot  
  22  2:23  SCV  
  23  2:38  SCV  
  23  2:42  Starport  
  24  2:48  Hellion x2  
  24  2:50  SCV  
  29  2:57  Marine  
  30  3:02  Orbital Command  
  30  3:03  SCV  
  31  3:09  Widow Mine  
  31  3:11  Widow Mine  
  35  3:15  Marine  
  35  3:19  Medivac  
  38  3:21  SCV  
  39  3:29  SCV  
  39  3:33  Supply Depot, SCV  
  41  3:37  Liberator  
  41  3:40  Hellion  
  44  3:42  Hellion  
  44  3:45  SCV  
  44  3:46  Barracks Tech Lab  
  46  3:55  SCV  
  50  3:56  Supply Depot  
  50  4:05  Hellion x2  
  54  4:10  Armory  
  54  4:13  Supply Depot  
  54  4:15  SCV  
  54  4:31  Hellion x2  
  54  4:32  SCV x2  
  56  4:43  Cloaking Field, Banshee  
  56  4:44  SCV x2  
  65  4:52  Hellion  
  65  4:53  Supply Depot, Hellion  
  65  4:56  SCV x2  
  65  5:08  SCV x2  
  65  5:13  Supply Depot  
  69  5:14  Hellion  
  69  5:15  Hellion  
  71  5:21  SCV  
  71  5:26  Banshee  
  73  5:30  SCV  
  73  5:33  SCV  
  74  5:36  Hellion  
  74  5:37  Hellion  
  76  5:46  Barracks Reactor  
  76  5:47  SCV  
  76  5:48  SCV  
  76  5:51  Factory  
  74  5:58  Hellion x2  
  74  6:00  SCV x2  
  70  6:05  Refinery x2  
  70  6:12  SCV x2  
  70  6:13  Command Center  
  70  6:14  Supply Depot  
  70  6:15  Terran Vehicle Weapons Level 1  
  72  6:19  Hellion x2  
  72  6:24  SCV x2  
  78  6:44  Cyclone x2  
  84  6:50  SCV  
  85  7:00  Cyclone  
  86  7:05  Liberator  
  84  7:10  SCV x2  
  84  7:13  Cyclone  
  83  7:16  Hellion  
  83  7:18  Hellion  
  82  7:26  Orbital Command, SCV x2  
  87  7:32  Factory, Hellion  
  87  7:33  Supply Depot  
  89  7:38  SCV x2, Hellion  
  89  7:40  Hellion  
  89  7:43  Factory x2  
  95  7:45  Refinery  
  95  7:46  Refinery, Hellion  
  95  7:50  SCV x2  
  99  7:52  Supply Depot  
  99  7:53  SCV, Supply Depot x2  
  99  7:55  Hellion  
  102  7:59  Hellion  
  102  8:02  SCV  
  102  8:03  Hellion  
  107  8:07  Starport Reactor  
  107  8:09  Supply Depot, SCV x2  
  109  8:18  Hellion x3  
  115  8:20  Terran Vehicle Weapons Level 2  
  115  8:21  SCV x2  
  107  8:32  Hellion x2  
  107  8:33  Factory Tech Lab x2  
  107  8:34  SCV x2  
  102  8:48  Hellion  
  103  8:50  Command Center  
  95  8:55  Cyclone  
  95  8:56  Cyclone x5  
  95  9:01  Armory  
  113  9:07  Engineering Bay  
  113  9:09  Factory  
  112  9:12  Factory  
  111  9:19  SCV x3  
  111  9:22  Hellion  
  116  9:28  Hellion x6  
  130  9:31  SCV x2  
  130  9:39  Missile Turret  
  130  9:46  Cyclone, Missile Turret  
  130  9:48  Starport Reactor  
  130  9:49  Cyclone x2  
  130  9:50  Refinery  
  139  9:53  Refinery  
  139  9:55  Factory Tech Lab  
  139  9:57  SCV x2  
  141  10:01  Supply Depot  
  141  10:02  SCV, Cyclone x2  
  141  10:04  Cyclone x2  
Tags
 
Add a new tag
Caveats
  • Supply blocks, unpowered buildings, or Contaminate may cause inaccurate times.
  • Supply counts are checked every 10 seconds.